 Dungeon Crawl Stone Soup version 0.22-a0-44-geb883ae (webtiles) character file.

1693 greenaxiom the Frost Mage (level 9, -6/65 (67) HPs)
             Began as a Ghoul Ice Elementalist on Jan 7, 2018.
             Was a Follower of Yredelemnul.
             Mangled by a red ugly thing (13 damage)
             ... on level 6 of the Dungeon.
             The game lasted 02:58:21 (12548 turns).

greenaxiom the Frost Mage (Ghoul Ice Elementalist) Turns: 12548, Time: 02:58:22

HP:   -6/65 (67)    AC:  5    Str: 12    XL:     9   Next: 2%
MP:   3/24          EV: 12    Int: 13    God:    Yredelemnul [*.....]
Gold: 333           SH:  0    Dex:  9    Spells: 8/18 levels left

rFire    + . .     SeeInvis .   M - +1 halberd (flame)
rCold    + . .     Gourm    .   (shield currently unavailable)
rNeg     + + +     Faith    .   e - +1 robe {rF+}
rPois    ∞         Spirit   .   R - +1 hat
rElec    .         Reflect  .   j - +0 cloak
rCorr    .         Harm     .   (no gloves)
MR       .....                  (no boots)
Stlth    +++.......             (no amulet)
HPRegen  0.00/turn              N - ring of stealth
MPRegen  0.19/turn              a - ring of magical power

@: rotting
A: rotting body, claws 1, carnivore, cold resistance 1, negative energy
resistance 3, inhibited regeneration, torment resistance, unbreathing
a: Animate Remains, Renounce Religion


You were on level 6 of the Dungeon.
You worshipped Yredelemnul.
Yredelemnul was aware of your devotion.
You were hungry.

You visited 1 branch of the dungeon, and saw 6 of its levels.

You collected 333 gold pieces.

Inventory:

Hand Weapons
 f - a +4 quarterstaff of chaos
 g - a +0 hunting sling
 v - a +4 hand axe
 G - a +1 whip of electrocution
 M - a +1 halberd of flaming (weapon)
 W - a +0 shortbow
 Y - a +1 flail of protection
Missiles
 m - 209 stones (quivered)
 X - 17 arrows
Armour
 e - a +1 robe of fire resistance (worn)
 h - a +0 cloak
 j - a +0 cloak (worn)
 p - a +1 ring mail of poison resistance
 F - a +0 robe
 H - a +0 plate armour
 J - a +2 scale mail of poison resistance
 R - a +1 hat (worn)
 Z - a +3 chain mail of poison resistance
Jewellery
 a - a ring of magical power (right claw)
 z - an uncursed ring of fire
 C - an uncursed amulet of harm
 E - a +2 ring of evasion
 N - a ring of stealth (left claw)
 T - an uncursed ring of flight
Wands
 i - a wand of flame (5)
Scrolls
 l - 2 scrolls of enchant armour {unknown}
 w - 4 scrolls of immolation
 D - a scroll of teleportation {unknown}
 I - a scroll of amnesia {unknown}
 K - a scroll of random uselessness {unknown}
 L - a scroll of remove curse
 O - 2 scrolls of enchant weapon {unknown}
Potions
 d - a potion of agility {unknown}
 o - 2 potions of ambrosia {unknown}
 q - a potion of berserk rage {unknown}
 s - 5 potions of curing
 t - 3 potions of magic
 x - a potion of heal wounds {unknown}
 A - a potion of flight {unknown}
 P - 2 potions of haste {unknown}
 Q - a potion of cancellation {unknown}
 U - a potion of lignification {unknown}
Books
 b - a book of Frost

   Spells                             Type                      Level
   a - Freeze                         Ice                          1
   b - Throw Frost                    Conjuration/Ice              2
   c - Ozocubu's Armour               Charms/Ice                   3
   d - Throw Icicle                   Conjuration/Ice              4
   e - Summon Ice Beast               Ice/Summoning                4
 y - a book of Misfortune

   Spells                             Type                      Level
   a - Confusing Touch                Hexes                        1
   b - Confuse                        Hexes                        3
   c - Gell's Gravitas                Translocation                3
   d - Petrify                        Transmutation/Earth          4
   e - Metabolic Englaciation         Hexes/Ice                    5
   f - Yara's Violent Unravelling     Hexes/Transmutation          5
Comestibles
 c - 4 rations


   Skills:
 - Level 2.1 Fighting
 - Level 0.4(1.3) Axes
 * Level 1.9(2.0) Polearms
 - Level 0.1 Slings
 - Level 1.8 Dodging
 - Level 2.2 Stealth
 + Level 5.0 Spellcasting
 - Level 0.7 Conjurations
 * Level 4.8 Summonings
 + Level 8.4 Ice Magic


You had 8 spell levels left.
You knew the following spells:

 Your Spells              Type           Power        Failure   Level  Hunger
a - Freeze                Ice            ####         1%          1    None
b - Throw Frost           Conj/Ice       ###...       4%          2    ##.....
c - Summon Ice Beast      Ice/Summ       ###.....     12%         4    ####...
d - Confuse               Hex            #.......     50%         3    ###....


Dungeon Overview and Level Annotations

Branches:
Dungeon (6/15)             Temple (0/1) D:6

Altars:
Dithmenos
Gozag
Nemelex Xobeh
Qazlal
Trog
Yredelemnul

Shops:
D:4 =

Annotations:
D:6 Grinder


Innate Abilities, Weirdness & Mutations

Your body is rotting away.
You thrive on raw meat.
You are immune to poison.
You have sharp fingernails.
You are carnivorous and can eat meat at any time.
Your flesh is cold resistant. (rC+)
You are immune to negative energy. (rN+++)
You do not regenerate when monsters are visible.
You are immune to unholy pain and torment.
You can survive without breathing.


Message History

Something hits you.
* * * LOW HITPOINT WARNING * * *
Something barely misses you.
There is a stone staircase leading down here.
Sigmund appears from thin air!
Reactivating autopickup.
Sigmund hits you from afar with a scythe!
* * * LOW HITPOINT WARNING * * *
Your ice beast hits Sigmund.
Sigmund dies!
Yredelemnul accepts your kill.
Your Spellcasting skill increases to level 5!
You have reached level 9!
Your experience leads to an increase in your attributes!
Increase (S)trength, (I)ntelligence, or (D)exterity?
You feel clever.
There is a stone staircase leading up here.
The red ugly thing bites you!
You die...
Yredelemnul claims you as an undead slave.

###......................##.#
############................###
...#.....#....###.#...........#
...#.......##.#...#####.##....#
...#......###.#.# ##.###..##
>........## #...# ....##<.#
.........# #..## ....##..#
.........####..######......#.#
##.......##....u@.Z......#.#.#
#....#.........#####.....#.#..
..........####...###.#####.#..#
.......#### ###>Y.....###.#..#
.......# #........... ...
u....) ####.......#....
.......# #..........# ...
.........####.##.......# ..
...... #......##.......# .


You could see a red ugly thing and the friendly Crazy Yiuf the gnoll zombie.

Vanquished Creatures
  2 ice beasts (D:5)
  An ogre (D:5)
  A centaur (D:5)
  A bullfrog (D:5)
  A scorpion (D:5)
  2 howler monkeys
  A crimson imp (D:6)
  An orc priest (D:3)
  2 hounds
  Terence (D:3)
  Ijyb (D:2)
  3 worker ants (D:4)
  A hound zombie (D:6)
  11 gnolls
  3 adders
  3 adder skeletons (D:4)
  2 worms
  3 dart slugs
  5 leopard geckos
  15 orcs
  A ball python (D:3)
  6 giant cockroaches
  5 goblins
  13 hobgoblins
  7 jackals
  15 kobolds
  A quokka (D:4)
  13 bats
  7 frilled lizards
  A leopard gecko skeleton (D:4)
  A quokka skeleton (D:4)
  10 rats
  A fungus (D:6)
141 creatures vanquished.

Vanquished Creatures (collateral kills)
  Sigmund (D:6)
  Edmund (D:6)
  A phantom (D:5)
  An ogre (D:5)
  Blork the orc (D:6)
  5 bullfrogs (D:6)
  A water moccasin zombie (D:6)
  A centaur zombie (D:6)
  A hound (D:5)
  Crazy Yiuf (D:6)
  A worker ant (D:6)
  A hound skeleton (D:6)
  2 adders (D:6)
  A river rat (D:5)
  A shadow imp (D:6)
  A leopard gecko (D:6)
  5 giant cockroaches (D:5)
  4 jackals (D:6)
  2 rats (D:5)
32 creatures vanquished.

Vanquished Creatures (others)
  2 bullfrog zombies (D:6)
  An orc wizard (D:3)
  A human zombie (D:6)
  2 adder zombies (D:6)
  A giant cockroach zombie (D:5)
  2 jackal zombies (D:6)
  A leopard gecko zombie (D:6)
  A rat zombie (D:5)
11 creatures vanquished.

Grand Total: 184 creatures vanquished

Notes
Turn   | Place    | Note
-------+----------+-------------------------------------------
     0 | D:1      | greenaxiom the Ghoul Ice Elementalist began the quest for the Orb.
     0 | D:1      | Reached XP level 1. HP: 14/14 MP: 2/2
   295 | D:1      | Reached XP level 2. HP: 22/22 MP: 0/3
   301 | D:1      | Learned a level 2 spell: Throw Frost
   667 | D:1      | Reached skill level 1 in Fighting
   916 | D:1      | Reached XP level 3. HP: 27/27 MP: 3/5
   993 | D:1      | Reached skill level 4 in Ice Magic
  1563 | D:2      | Found a shadowy altar of Dithmenos.
  2073 | D:2      | Reached XP level 4. HP: 35/35 MP: 2/6
  2518 | D:2      | Learned a level 4 spell: Summon Ice Beast
  3011 | D:2      | Reached XP level 5. HP: 41/41 MP: 8/8
  3447 | D:3      | Noticed Ijyb
  3542 | D:3      | Noticed Terence
  3546 | D:2      | Killed Ijyb
  3757 | D:3      | Reached skill level 1 in Summonings
  4234 | D:3      | Reached skill level 5 in Ice Magic
  4436 | D:3      | Reached XP level 6. HP: 48/48 MP: 5/9
  5725 | D:3      | Killed Terence
  5972 | D:3      | Found a bloodstained altar of Trog.
  6167 | D:3      | Found a stormy altar of Qazlal.
  6362 | D:4      | Found a sparkling altar of Nemelex Xobeh.
  6421 | D:4      | Found Kuwkal's Jewellery Shoppe.
  6448 | D:4      | Reached skill level 6 in Ice Magic
  6952 | D:4      | Found a basalt altar of Yredelemnul.
  6960 | D:4      | Became a worshipper of Yredelemnul the Dark
  7149 | D:4      | Reached XP level 7. HP: 55/55 MP: 2/10
  7505 | D:4      | Found a bloodstained altar of Trog.
  7839 | D:5      | Entered Level 5 of the Dungeon
  8217 | D:5      | Reached skill level 7 in Ice Magic
  9149 | D:5      | Found an opulent altar of Gozag.
  9520 | D:5      | Reached XP level 8. HP: 37/60 MP: 8/13
 10280 | D:5      | Reached * piety under Yredelemnul
 11055 | D:6      | Noticed Edmund
 11116 | D:6      | Killed Edmund
 11116 | D:6      | Reached skill level 8 in Ice Magic
 11325 | D:6      | Your ally Edmund died
 11474 | D:5      | Reached skill level 1 in Polearms
 11559 | D:5      | Learned a level 3 spell: Confuse
 11643 | D:6      | Noticed Grinder
 11652 | D:6      | Found a staircase to the Ecumenical Temple.
 12119 | D:6      | Noticed Blork the orc
 12127 | D:6      | Killed Blork the orc
 12272 | D:6      | Found a runed door.
 12276 | D:6      | Noticed Crazy Yiuf
 12301 | D:6      | Killed Crazy Yiuf
 12442 | D:6      | Noticed Sigmund
 12442 | D:6      | Noticed a red ugly thing
 12545 | D:6      | Killed Sigmund
 12545 | D:6      | Reached skill level 5 in Spellcasting
 12545 | D:6      | Reached XP level 9. HP: 7/65 MP: 3/15
 12548 | D:6      | Mangled by a red ugly thing

Vault maps used:
D:1:      dpeg_arrival_renting
D:2:      nicolae_overflow_hidden_temple, grunt_ministairs_12, minmay_tripent
D:3:      nicolae_qazlal_eye_of_the_storm, trog_butcher_becter, uniq_ijyb,
          uniq_terence
D:4:      lemuel_crystal_altar, nemelex_xobeh_ov_fountains_minmay,
          lightli_temple_of_fire, serial_shops, nicolae_shop_trees,
          grunt_tough_drop
D:5:      first_ration, portal_sewer_entry_e, grunt_gozag_breadcrumbs
D:6:      minmay_temple_entry_statues, enter_ossuary_5, st_stairs_3,
          uniq_edmund, uniq_blork_the_orc, uniq_grinder,
          uniq_crazy_yiuf_cottage, uniq_sigmund

Skill      XL: |  1  2  3  4  5  6  7  8 |
---------------+-------------------------+-----
Spellcasting   | 2 3 4 5 |  5.0
Fighting       | 1 2 |  2.1
Ice Magic      | 4 5 6 7 8 |  8.4
Summonings     | 1 2 3 4 |  4.8
Polearms       | 1 |  1.9
Axes           | |  0.4
Slings         | |  0.1
Dodging        | |  1.8
Stealth        | |  2.2
Conjurations   | |  0.7

Action                   |  1- 3 |  4- 6 |  7- 9 || total
-------------------------+-------+-------+-------++-------
Melee: Club              |    34 |       |       ||    34
       Unarmed           |     1 |       |       ||     1
       Hand axe          |       |   103 |    33 ||   136
       Halberd           |       |       |    45 ||    45
 Fire: Hunting sling     |     1 |     7 |       ||     8
       Shortbow          |       |       |     1 ||     1
 Cast: Freeze            |    50 |    86 |    41 ||   177
       Throw Frost       |     6 |    39 |    15 ||    60
       Summon Ice Beast  |       |       |    43 ||    43
Invok: Animate Remains   |       |       |    12 ||    12
Evoke: Wand              |       |     1 |     1 ||     2
  Use: Scroll            |       |     9 |     1 ||    10
       Potion            |       |       |     1 ||     1
  Eat: Chunk             |    10 |    21 |    10 ||    41
       Ration            |       |     1 |    10 ||    11
Armor: Ring mail         |    43 |    75 |    26 ||   144
       Robe              |     1 |       |    13 ||    14
Dodge: Dodged            |    46 |   121 |   108 ||   275

Table legend:
 A = Spawn XP
 B = Non-spawn XP
 C = Spawn XP percentage of total XP
 D = Spawn monster count
 E = Non-spawn monster count
 F = Spawn count percentage of total count
 G = Total turns spent on level
                    A         B        C        D         E        F      G
               +---------+---------+-------+---------+---------+-------+---------
         Total |       0 |    2419 |   0.0 |       0 |     173 |   0.0 | 12548
               +---------+---------+-------+---------+---------+-------+---------
           D:1 |       0 |      49 |   0.0 |       0 |      27 |   0.0 |  1568
           D:2 |       0 |     191 |   0.0 |       0 |      40 |   0.0 |  3074
           D:3 |       0 |     261 |   0.0 |       0 |      37 |   0.0 |  1668
           D:4 |       0 |     240 |   0.0 |       0 |      18 |   0.0 |  1970
           D:5 |       0 |     943 |   0.0 |       0 |      28 |   0.0 |  3172
           D:6 |       0 |     735 |   0.0 |       0 |      23 |   0.0 |  1096
               +---------+---------+-------+---------+---------+-------+---------
